 Dungeon Crawl Stone Soup version 0.20.1-1-g8b1a95d (webtiles) character file.

5 dohliylev the Sneak (level 1, 0/13 HPs)
             Began as a Vampire Enchanter on July 9, 2017.
             Slain by a jackal (3 damage)
             ... on level 2 of the Dungeon.
             The game lasted 00:02:34 (300 turns).

dohliylev the Sneak (Vampire Enchanter)              Turns: 300, Time: 00:02:35

Health: 0/13       AC:  2    Str:  7    XL:     1   Next: 66%
Magic:  3/3        EV: 12    Int: 17    God:
Gold:   28         SH:  0    Dex: 14    Spells: 3/4 levels left

rFire    . . .     SeeInvis +   a - +1 dagger
rCold    . . .     Gourm    .   (no shield)
rNeg     + . .     Faith    .   b - +0 robe
rPois    .         Spirit   .   (no helmet)
rElec    .         Reflect  .   (no cloak)
rCorr    .         Harm     .   (no gloves)
MR       .....                  (no boots)
Stlth    +++.......             (no amulet)
Regen    0.1/turn               (no ring)
MPRegen  0.1/turn               (no ring)

@: no status effects
A: fangs 3, see invisible, unbreathing
a: no special abilities


You were on level 2 of the Dungeon.
You were not thirsty.

You visited 1 branch of the dungeon, and saw 2 of its levels.

You collected 28 gold pieces.

Inventory:

Hand Weapons
 a - a +1 dagger (weapon)
Armour
 b - a +0 robe (worn)
Potions
 d - a potion of blood
Books
 c - a book of Maledictions

   Spells                             Type                      Level
   a - Corona                         Hexes                        1
   b - Ensorcelled Hibernation        Hexes/Ice                    2
   c - Confuse                        Hexes                        3
   d - Tukima's Dance                 Hexes                        3
   e - Dazzling Spray                 Conjuration/Hexes            3


   Skills:
 - Level 1.1 Short Blades
 - Level 2.1 Dodging
 * Level 5.1 Stealth
 - Level 2.0 Spellcasting
 - Level 4.4 Hexes


You had 3 spell levels left.
You knew the following spells:

 Your Spells              Type           Power        Failure   Level  Hunger
a - Corona                Hex            ###....      3%          1    #......


Dungeon Overview and Level Annotations

Branches:
Dungeon (2/15)

Altars:


Innate Abilities, Weirdness & Mutations

You have razor-sharp teeth.
You have supernaturally acute eyesight. (SInv)
You can survive without breathing.


Message History

The bat hits you but does no damage. The bat barely misses you.
The bat completely misses you.
There is an escape hatch in the floor here.
The bat barely misses you.
You slide downwards.
The hatch slams shut behind you.
A leopard gecko, 6 jackals and a goblin come into view.
Found 16 gold pieces.
Found an escape hatch in the floor.
Found a stone staircase leading down.
The jackal barks!
The goblin closely misses you. The goblin barely misses you.
The goblin misses you.
You open the door.
A kobold comes into view. It is wielding a short sword.
The goblin hits you.
* * * LOW HITPOINT WARNING * * *
There is an open door here.
The jackal bites you.
You die...

......+
#.....#.....h...####.
#.....#........h.....
#.....#>.............
#.....#........h.h...
#.....#......l......#
#...K.+.............#
#....@#.............#
#####h#.>.......$...#
##g######..l.....#
#...............##
#...............#
#...............#
##+##########...#
..... ...##


You could see a jackal, a goblin and a kobold (sleeping).

Vanquished Creatures
  A goblin (D:1)
  2 frilled lizards (D:1)
  A kobold (D:1)
  3 rats (D:1)
7 creatures vanquished.

Notes
Turn   | Place    | Note
-------+----------+-------------------------------------------
     0 | D:1      | dohliylev the Vampire Enchanter began the quest for the Orb.
     0 | D:1      | Reached XP level 1. HP: 13/13 MP: 3/3
     2 | D:1      | Noticed a spriggan
     4 | D:1      | Noticed an octopode
     4 | D:1      | Noticed an elf
     6 | D:1      | Noticed a centaur
     6 | D:1      | Noticed a gargoyle
     8 | D:1      | Noticed a demonspawn
     8 | D:1      | Noticed a dwarf
    11 | D:1      | Noticed a minotaur
    13 | D:1      | Noticed a tengu
    13 | D:1      | Noticed a naga
    15 | D:1      | Noticed an ogre
    17 | D:1      | Noticed a troll
    17 | D:1      | Noticed a halfling
    19 | D:1      | Noticed a vine stalker
    19 | D:1      | Noticed a draconian
    21 | D:1      | Noticed a merfolk
    23 | D:1      | Noticed a felid
    23 | D:1      | Noticed a demigod
    25 | D:1      | Noticed a vampire
    25 | D:1      | Noticed a human
    27 | D:1      | Noticed a ghoul
    27 | D:1      | Noticed a formicid
   114 | D:1      | Reached skill level 5 in Stealth
   300 | D:2      | Slain by a jackal

Skill      XL: |  1 |
---------------+----+-----
Stealth        | 5 |  5.1
Short Blades   | |  1.1
Dodging        | |  2.1
Spellcasting   | |  2.0
Hexes          | |  4.4

Action                   || total
-------------------------++-------
Melee: Dagger            ||    17
       Bite              ||     2
 Cast: Corona            ||     3
 Stab: Sleeping          ||     1
  Eat: Corpse            ||     1
Armor: Robe              ||     5
Dodge: Dodged            ||    23
